 Dungeon Crawl Stone Soup version 0.29.1-2-gbd0b4ee654 (webtiles) character file.

Game seed: 7658832623160012628

32 Firos the Changer (level 3, -5/23 HPs)
             Began as an Octopode Transmuter on Nov 8, 2022.
             Slain by Jessica
             ... wielding a +0 club
              (6 damage)
             ... on level 2 of the Dungeon.
             The game lasted 00:01:33 (1441 turns).

Firos the Changer (Octopode Transmuter)             Turns: 1441, Time: 00:01:34

Health: -5/23      AC:  1    Str:  9    XL:     3   Next: 27%
Magic:  6/6        EV: 13    Int: 17    God:
Gold:   44         SH:  0    Dex: 12    Spells: 3/6 levels left

rFire   . . .      SeeInvis .     - Unarmed
rCold   . . .      Faith    .   (no shield)
rNeg    . . .      Spirit   .   (helmet currently unavailable)
rPois   .          Reflect  .   (no amulet)
rElec   .          Harm     .   (no ring)
rCorr   .          Rampage  .   (no ring)
Will    .....                   (no ring)
Stlth   ++........              (no ring)
HPRegen 0.07/turn               (no ring)
MPRegen 0.10/turn               (no ring)
                                (no ring)
                                (no ring)

@: appendages (expiring), slowed, very slow
A: tentacle spike 3, almost no armour, amphibious, 8 rings, camouflage 1,
gelatinous body 1, (nimble swimmer 1), tentacles
a: End Transformation


You were on level 2 of the Dungeon.
One of your tentacles had grown a beastly spike.
You visited 1 branch of the dungeon, and saw 2 of its levels.

You collected 44 gold pieces.

Inventory:

Scrolls
 b - 2 scrolls of poison {unknown}
 c - a scroll of enchant weapon {unknown}
 d - a scroll of noise {unknown}
Potions
 a - 2 potions of lignification


   Skills:
 - Level 1.0 Fighting
 - Level 2.0 Dodging
 - Level 3.0 Unarmed Combat
 + Level 2.4 Spellcasting
 * Level 3.2 Transmutations


You had 3 spell levels left.
You knew the following spells:

 Your Spells              Type           Power      Damage    Failure   Level
a - Beastly Appendage     Tmut           26%        N/A       4%          1
b - Wereblood             Tmut           13%        N/A       8%          2

Your spell library contained the following spells:

 Spells                   Type           Power      Damage    Failure   Level
 Poisonous Vapours        Pois/Air       4%         N/A       28%         2
 Spider Form              Tmut/Pois      7%         N/A       28%         3
 Ice Form                 Ice/Tmut       7%         N/A       67%         4
 Corpse Rot               Necr/Pois/Air  2%         N/A       88%         4


Dungeon Overview and Level Annotations

Branches:
Dungeon (2/15)

Altars:

Annotations:
D:2 Jessica


Innate Abilities, Weirdness & Mutations

One of your tentacles has grown a beastly spike.
You cannot wear most types of armour.
You are amphibious.
You can wear up to eight rings at the same time.
Your skin changes colour to match your surroundings (Stealth+).
Your rubbery body absorbs attacks. (AC +1, EV +1)
((You are camouflaged when in or above water. (Stealth+)))
You have tentacles for arms and can constrict up to eight enemies at once.


Message History

You constrict Jessica, but do no damage.
Jessica barely misses you.
You tentacle-slap Jessica but do no damage.
You constrict Jessica. Jessica casts a spell at you.
You feel yourself slow down.
Casting: Beastly Appendage (safe; 4% risk of failure)
Confirm with . or Enter, or press ? or * to list all spells.
One of your tentacles grows a vicious spike.
You constrict Jessica. Jessica hits you with a +0 club! The rat bites you.
The rat closely misses you.
Jessica gestures wildly while chanting.
Jessica blinks free!
You tentacle-slap the rat but do no damage.
You grab the rat.
You constrict the rat, but do no damage.
The rat closely misses you.
You release your grip on the rat.
The rat misses you.
You tentacle-slap the rat.
You kill the rat!
Jessica hits you with a +0 club!
* * * LOW HITPOINT WARNING * * *
You tentacle-slap Jessica but do no damage.
You grab Jessica.
You pierce Jessica.
Jessica is heavily wounded.
Your transformation is almost over.
You constrict Jessica, but do no damage.
Jessica barely misses you.
You tentacle-slap Jessica but do no damage.
Jessica is heavily wounded.
You constrict Jessica.
Jessica shouts, "You're disturbing me!
I'll have to kill you!" Jessica hits you with a +0 club.
* * * LOW HITPOINT WARNING * * *
Jessica barely misses you.
You tentacle-slap Jessica but do no damage.
You pierce Jessica, but do no damage.
Jessica is severely wounded.
You constrict Jessica. Jessica hits you with a +0 club.
You die...

#.####....##
#..........# ♣♣
#######.......##..
..............#♣.♣
######........♣.♣
#....<..#♣.♣
#<......##.#
#.......##.#
#........@@.#
#.###.#####.# ...
#.# ###.### ..##
#.# #...).# .. #[#
#.....# #.
.......#
.........#
#....>....#
....)....###


You could see Jessica.

Vanquished Creatures
  2 ball pythons
  An endoplasm (D:1)
  2 giant cockroaches (D:1)
  2 goblins
  5 hobgoblins (D:1)
  4 jackals (D:1)
  5 bats (D:1)
  3 frilled lizards
  4 rats
28 creatures vanquished.

Notes
Turn   | Place    | Note
-------+----------+-------------------------------------------
     0 | D:1      | Firos the Octopode Transmuter began the quest for the Orb.
     0 | D:1      | Reached XP level 1. HP: 13/13 MP: 3/3
   151 | D:1      | Reached XP level 2. HP: 11/18 MP: 5/5
   811 | D:1      | Learned a level 2 spell: Wereblood
   842 | D:1      | Reached XP level 3. HP: 14/23 MP: 4/6
  1425 | D:2      | Noticed Jessica
  1440 | D:2      | HP: 1/23 [Jessica/+0 club (5)]
  1441 | D:2      | Slain by Jessica

Illustrated notes

Levels and vault maps discovered:
D:1:      dpeg_arrival_solitude, layout_basic
D:2:      layout_loops_ring, serial_forest, infiniplex_forest_end_double,
          infiniplex_forest_lined_ring, infiniplex_forest_straight_1,
          infiniplex_forest_clump_diagonal, infiniplex_forest_straight_1,
          infiniplex_forest_clump_curved, infiniplex_forest_split,
          infiniplex_forest_clump_long, uniq_robin, uniq_jessica, uniq_natasha

Skill      XL: |  1  2 |
---------------+-------+-----
Transmutations | 3 |  3.2
Fighting       | |  1.0
Dodging        | |  2.0
Unarmed Combat | |  3.0
Spellcasting   | |  2.4

Action                   || total
-------------------------++-------
Melee: Unarmed           ||    70
       Kick              ||    15
       Constrict         ||    23
       Tentacles         ||    13
       Punch             ||     5
 Cast: Beastly Appendage ||    10
 Stab: Sleeping          ||     2
Armor: Skin              ||     9
Dodge: Dodged            ||    59
